[Event "SUI-ch Bundesturnier TP-1 2022"]
[Site "Payerne"]
[Date "2022.05.27"]
[Round "3.1"]
[White "Bauer, Christian"]
[Black "Kostov, Deyan Samuil"]
[Result "1-0"]
[ECO "D94"]
[WhiteElo "2596"]
[BlackElo "2177"]
[Annotator "TA"]
[PlyCount "81"]
[EventDate "2022.05.26"]
[EventType "swiss"]
[EventCountry "SUI"]
[SourceTitle "playchess.com"]
[Source "ChessBase"]
[SourceQuality "1"]
[TimeControl "5400+30"]

1. Nf3 d5 2. c4 c6 3. e3 Nf6 4. Nc3 g6 5. d4 Bg7 6. Be2 O-O 7. O-O Nbd7 {[%emt 0:00:14] 7...a6 gains popularity.} 8. cxd5 cxd5 9. Qb3 e6 {[%emt 0:02:02] D94: Grünfeld: 4 Nf3 Bg7 5 e3.} 10. Rd1 b6 11. Bd2 Bb7 {[%emt 0:01:40] White has an edge.} 12. Rac1 a6 13. Na4 Ne4 {[%emt 0:04:29] [#]} ({Better is} 13... Rb8 $14) 14. Ba5 $146 ({Predecessor:} 14. Be1 Re8 15. Rc2 Bf8 16. Rdc1 Bd6 17. Bb4 Bb8 18. Nc3 b5 19. Nxe4 dxe4 20. Nd2 Nf6 21. Ba5 Qd6 22. g3 {1-0 (22) Abdalla,L (2248)-Gamarra,R (1904) Florianopolis 2020}) 14... bxa5 15. Qxb7 Rb8 16. Qxa6 {[%emt 0:07:20] White is more active.} Nb6 17. Nc5 Nxc5 18. Rxc5 Na4 19. Rxa5 Nxb2 20. Rb1 Qb6 (20... Rb6 $16 21. Qa7 Qb8) 21. Qxb6 $18 Rxb6 22. Rb5 Rxb5 23. Bxb5 Nc4 24. Bxc4 dxc4 {[%emt 0:00:05][%mdl 4096] Endgame KRB-KRN} 25. Rc1 Ra8 {[%emt 0:01:10] [#]} 26. Rc2 $1 (26. Rxc4 Rxa2 27. Rc8+ Bf8 $16) 26... Bf8 27. Kf1 (27. Rxc4 Rxa2 28. g3 h6 $16) 27... Rb8 (27... c3 $142 28. Rxc3 Rxa2) 28. Ke2 ({Don't do} 28. Rxc4 $6 Rb1+ 29. Ke2 Rb2+ 30. Kd3 Rxa2 $16) 28... Ba3 29. Ne5 ({Don't take} 29. Rxc4 $6 Rb2+ 30. Kd3 Rxf2 $16) 29... c3 30. Rxc3 Rb2+ $2 (30... Ra8 31. Rc4 h5) 31. Kf3 Rxa2 32. Rc8+ Kg7 33. Ra8 Ra1 34. Ra7 Bb2 35. Rxf7+ Kg8 36. Rb7 Bc3 37. Rb6 Ra3 38. Rd6 Kg7 39. h4 Kf6 (39... Ra8 $18 40. Rxe6 Be1) 40. Rd7 Bxd4 41. Ng4+ {[%emt 0:00:05] Weighted Error Value: White=0.03 (flawless) /Black=0.46} ({Weaker is} 41. Rxd4 Kxe5 42. g4 Ra7 $18) 1-0

[Event "SUI-ch Bundesturnier TP-1 2022"]
[Site "Payerne"]
[Date "2022.05.27"]
[Round "3.2"]
[White "Perreard, Nicolas"]
[Black "Laurent-Paoli, Pierre"]
[Result "0-1"]
[ECO "D85"]
[WhiteElo "2071"]
[BlackElo "2486"]
[Annotator "TA"]
[PlyCount "76"]
[EventDate "2022.05.26"]
[EventType "swiss"]
[EventCountry "SUI"]
[SourceTitle "playchess.com"]
[Source "ChessBase"]
[SourceQuality "1"]
[TimeControl "5400+30"]

1. d4 Nf6 2. c4 g6 3. Nc3 d5 4. cxd5 Nxd5 5. e4 Nxc3 6. bxc3 Bg7 7. Bg5 {[%emt 0:00:09] 7.Nf3 is the modern continuation. D85: Exchange Grünfeld: Unusual White 7th moves and lines with 7 Nf3.} c5 8. Rc1 O-O 9. d5 {[%emt 0:00:29] The position is equal.} ({But not} 9. dxc5 Qc7 $11) 9... Qd6 (9... Qa5 $5 ) 10. Nf3 {[%emt 0:04:45] Inhibits Qe5.} Bg4 11. Be2 Nd7 12. O-O Bxf3 (12... f5 {is more complex.} 13. Nh4 Bxe2 14. Qxe2 fxe4 15. Qxe4 Nf6) 13. Bxf3 b5 14. g3 c4 {[%emt 0:03:31] [#]} 15. Be3 $146 ({Predecessor:} 15. Qd2 Nc5 16. Rb1 a6 17. Bg2 Na4 18. Rbc1 Qa3 19. e5 Bxe5 20. d6 exd6 21. Bxa8 Rxa8 {0-1 (39) Matveev,V (2368)-Sychev,K (2572) Chess.com INT 2020}) 15... Nc5 16. Bd4 Nd3 17. Bxg7 Kxg7 18. Rc2 Rad8 19. Be2 (19. a4 $1 $11) 19... Nc5 $36 {[%emt 0:00:25][%mdl 2048] White is under pressure.} 20. Qd4+ e5 21. Qe3 f5 (21... a6 $15) 22. f3 (22. a4 $1 $11 {is more appropriate.}) 22... a6 23. Kg2 Rd7 24. Rcc1 Rdf7 {[%emt 0:01:22] Black is more active.} 25. Rb1 Rf6 26. Rb4 R8f7 27. a4 $2 {[%emt 0:00:49] [#] This costs White the game.} ({White should play} 27. Rbb1 $15) 27... Nxa4 $19 28. Bxc4 Rc7 29. Ra1 fxe4 30. fxe4 Qc5 31. Qxc5 Rxc5 32. Ra3 a5 33. Rbxa4 bxa4 {[%emt 0:00:06] KRR-KRB} 34. Bd3 (34. Rxa4 Kf7 35. d6+ Ke8 36. Bd5) 34... Rb6 {[%emt 0:00:12] Threatens to win with ...Rb3. Black is clearly winning.} 35. Be2 Rb3 36. Rxa4 Rb2 37. Kf2 Rxc3 {[%emt 0:00:04] [#] White must now prevent ...Rcc2.} 38. Rxa5 Rcc2 {[%emt 0:00:12] Weighted Error Value: White=0.46/Black=0.05 (flawless)} 0-1

[Event "SUI-ch Bundesturnier TP-1 2022"]
[Site "Payerne"]
[Date "2022.05.27"]
[Round "3.3"]
[White "Joie, Sebastien"]
[Black "Naef, Thomas"]
[Result "1-0"]
[ECO "D78"]
[WhiteElo "2376"]
[BlackElo "2110"]
[Annotator "TA"]
[PlyCount "43"]
[EventDate "2022.05.26"]
[EventType "swiss"]
[EventCountry "SUI"]
[SourceTitle "playchess.com"]
[Source "ChessBase"]
[SourceQuality "1"]
[TimeControl "5400+30"]

1. d4 d5 2. c4 c6 3. Nf3 Nf6 4. Qb3 dxc4 5. Qxc4 Nbd7 6. g3 Nb6 7. Qd3 g6 8. Nc3 Bg7 9. Bg2 O-O 10. O-O a5 {[%emt 0:03:03] D78: Fianchetto Grünfeld: 6 0-0 c6.} 11. Rd1 a4 12. h3 {[%emt 0:00:33] White is more active.} Be6 {[%emt 0:00:35] White is slightly better.} 13. e4 h6 {[%emt 0:03:47] [#]} 14. g4 $146 ({Predecessor:} 14. Ne5 Nfd7 15. Ng4 Bxg4 16. hxg4 Nf6 17. g5 hxg5 18. Bxg5 Qd7 19. Qe2 Qe6 20. Bf3 {½-½ (60) Shaydullina,S (2281)-Druzhinina,O Serpukhov 2002}) 14... Qc7 15. Ne5 Nfd7 16. Nxd7 Bxd7 17. Be3 f5 18. f3 fxe4 19. fxe4 Ra6 (19... Be6 $14) 20. e5 $16 {[%emt 0:01:45][%cal Oe3h6] And now Bxh6! would win.} g5 (20... Be8 $16 21. Rac1 Qd7) 21. Rf1 {[%emt 0:01:46] Black must now prevent Rxf8+.} Raa8 {[%emt 0:05:08] [#]} 22. Qg6 {[%emt 0:02:40] Weighted Error Value: White=0.07 (flawless) /Black=0.15 (very precise)} (22. Bxg5 $1 $18 Rxf1+ 23. Rxf1 hxg5 24. Ne4 (24. Qg6 Be8 $15)) 1-0

[Event "SUI-ch Bundesturnier TP-1 2022"]
[Site "Payerne"]
[Date "2022.05.27"]
[Round "3.5"]
[White "Pomini, Aurelien"]
[Black "Mamalis, Prokopios"]
[Result "1/2-1/2"]
[ECO "B45"]
[WhiteElo "2216"]
[BlackElo "2067"]
[Annotator "TA"]
[PlyCount "105"]
[EventDate "2022.05.26"]
[EventType "swiss"]
[EventCountry "SUI"]
[SourceTitle "playchess.com"]
[Source "ChessBase"]
[SourceQuality "1"]
[TimeControl "5400+30"]

1. e4 c5 2. Nf3 Nc6 3. d4 cxd4 4. Nxd4 Nf6 5. Nc3 e6 6. Ndb5 Bc5 7. Nd6+ {[%emt 0:03:59] B45: Sicilian Four Knights.} Ke7 $1 8. Bf4 e5 9. Nf5+ {[%emt 0:03:55] White has an edge.} Kf8 10. Bg5 Bb4 11. Bc4 {[%emt 0:14:04] Inhibits d5.} (11. Ne3 $14 {was preferrable.}) 11... d5 $1 $11 12. exd5 {[%emt 0:13:35] [#]} Na5 $146 (12... Bxf5 $11 13. dxc6 Qxd1+ 14. Rxd1 bxc6) ({Predecessor:} 12... Bxf5 13. dxc6 Qxd1+ 14. Rxd1 bxc6 15. Bd3 Bxd3 16. cxd3 Nd5 17. Bd2 Rb8 18. O-O Nxc3 19. Bxc3 Bxc3 20. bxc3 {½-½ (35) Zawadzka,J (2402)-Raetsky,A (2453) Lausanne 2005}) 13. Bxf6 $16 {[%emt 0:12:39] White is more active.} Qxf6 14. Ne3 Nxc4 15. Nxc4 {[%emt 0:00:05] Hoping for 0-0.} Bd7 16. Nd2 Qa6 17. Ne2 ({Better is} 17. a3 $16 Ba5 18. Ne2) 17... Bg4 18. f3 Bf5 19. O-O (19. Ng3 $16 Bg6 20. c3) 19... Rd8 $14 ({But not} 19... Bxc2 20. Qxc2 Qxe2 21. Rf2 $16) 20. c4 Bxd2 (20... Bd3 $11 {keeps the balance.}) 21. Qxd2 $16 {[%emt 0:00:01] Black must now prevent Qc3.} Qxc4 22. Rfd1 Rd6 $2 (22... Qb5 $16 {might work better.}) 23. Rac1 Qa6 (23... Qb5 24. f4 Bg4) 24. Ng3 $18 Qb6+ 25. Qf2 $2 (25. Kh1 $18 Be6 26. Qe2) 25... g6 26. Qxb6 axb6 {[%emt 0:00:07] [#]} 27. Nxf5 ({White should try} 27. f4 $1 $16 exf4 28. Nxf5 gxf5 29. Rc8+ Kg7 30. Rxh8 Kxh8 31. Kf2) 27... gxf5 $16 {[%emt 0:00:03][%mdl 4096] Endgame KRR-KRR} 28. Rc7 Kg7 29. Rxb7 Rc8 30. Rd2 Rc5 31. Kf2 b5 32. Ke3 Kf6 {[%emt 0:01:21] [#]} (32... Rdxd5 $11 {remains equal.} 33. Rxd5 Rxd5) 33. a3 (33. g4 $1 $16) 33... f4+ $11 {[%emt 0:01:04] The position is equal.} 34. Ke2 Rdxd5 35. Rxd5 Rxd5 {[%emt 0:00:07] KR-KR} 36. Rc7 h5 37. g3 fxg3 38. hxg3 Kg6 39. b4 f5 40. Ke3 Kg5 41. Rc6 Rd1 42. Rc5 Ra1 43. Rxe5 Rxa3+ 44. Kf2 Ra2+ 45. Kf1 Rb2 46. Rxb5 h4 47. gxh4+ Kxh4 48. Rxf5 {[%emt 0:00:27] And now b5 would win.} Rxb4 49. Re5 Kg3 50. Re3 Rb1+ 51. Ke2 Rb2+ 52. Kd3 Kf4 {[%emt 0:00:08] Strongly threatening ...Rb3+.} 53. Re4+ {[%emt 0:00:20] Black escapes into a draw.  Weighted Error Value: White=0.26 (precise) /Black=0.27 (precise)} 1/2-1/2

[Event "SUI-ch Bundesturnier TP-1 2022"]
[Site "Payerne"]
[Date "2022.05.27"]
[Round "3.6"]
[White "Hagner, Bennet"]
[Black "Collin, Moritz Valentin"]
[Result "0-1"]
[ECO "B12"]
[WhiteElo "2186"]
[BlackElo "2052"]
[Annotator "TA"]
[PlyCount "120"]
[EventDate "2022.05.26"]
[EventType "swiss"]
[EventCountry "SUI"]
[SourceTitle "playchess.com"]
[Source "ChessBase"]
[SourceQuality "1"]
[TimeControl "5400+30"]

1. e4 c6 2. d4 d5 3. e5 Bf5 4. Nf3 e6 5. Be2 Ne7 6. O-O Ng6 {[%emt 0:00:24] B12: Caro-Kann: Advance Variation.} 7. a4 c5 {[%emt 0:00:09] [#]} 8. Be3 $146 ({Predecessor:} 8. c3 Nc6 9. Be3 Be7 10. dxc5 Ngxe5 11. Nd4 Nxd4 12. cxd4 Nc6 13. Nc3 O-O 14. f4 {0-1 (38) Srija,S (2166)-Sargissian,G (2666) Dubai 2017}) 8... Nc6 {[%emt 0:00:28] White has an edge.} 9. dxc5 Ngxe5 10. Nxe5 Nxe5 11. Na3 (11. g4 {is more complex.} Be4 12. Nd2 h5 13. Bb5+) 11... Nc6 12. c3 {[%emt 0:10:55] Inhibits d4.} Be7 13. f4 O-O 14. Qd2 Na5 {[%emt 0:08:49] Strongly threatening ...Nb3.} 15. Qd1 {[%emt 0:03:42] Against Nb3} Qc8 16. b4 Nc6 17. Nc2 a5 18. Nd4 (18. b5 Nb8 $15) 18... Rd8 19. Bb5 (19. Nxf5 exf5 20. Rc1 axb4 21. cxb4 Nxb4 $17) 19... Be4 20. Qd2 f6 21. Nxc6 bxc6 22. Bd3 Bxd3 23. Qxd3 e5 24. Rfb1 Kh8 (24... Rb8 {keeps more tension.} 25. fxe5 fxe5 26. b5 cxb5 27. Rxb5 Rxb5 28. Qxb5 d4) 25. b5 d4 26. cxd4 exd4 27. Bd2 Bxc5 28. Rc1 cxb5 ({Black should try} 28... Rd5 $14) 29. axb5 $16 {[%emt 0:00:47] aiming for b6.} Qc7 (29... Rd5 $16 {might work better.}) 30. Qc4 $2 (30. Qf5 $1 $18 ) 30... Rdc8 $36 {[%emt 0:00:31][%mdl 2048] Black is more active.} 31. Qe6 {[%emt 0:02:41][%cal Oa1a5] Inhibits Qd7.} Qb6 (31... d3+ {seems wilder.} 32. Kh1 Qd6 33. Qxd6 Bxd6 34. b6 Rxc1+ 35. Rxc1 Kg8) 32. Qxb6 Bxb6 33. Rc6 (33. Rxc8+ $11 {keeps the balance.} Rxc8 34. Kf1 (34. Bxa5 $2 Ra8 $19)) 33... Rxc6 $17 34. bxc6 {[%emt 0:00:02][%mdl 4096] Endgame KRB-KRB} Rc8 ({Black should play} 34... Kg8 $17 {Threatens to win with ...a4.} 35. Kf2 a4) 35. Rc1 (35. Bxa5 $2 Ra8 36. Bxb6 Rxa1+ 37. Kf2 Rc1 $19) (35. Rb1 $11 Bd8 36. Kf2) 35... Kg8 36. Kf1 Kf7 37. Ke2 (37. f5 $17) 37... Ke6 $19 38. Kd3 Kd5 39. Ra1 {[%emt 0:01:30] [#]} Ra8 (39... Rxc6 40. Bxa5 Bc5 41. Bd2 $17) 40. Rc1 f5 41. c7 Rc8 42. Rb1 (42. Re1 $17) 42... Kc6 (42... Bxc7 43. Rc1 $17) 43. Ra1 {[%emt 0:00:21] [#]} Kb5 (43... Rxc7 44. Bxa5 Rd7 45. Rc1+ Kb5 46. Bxb6 Kxb6 47. Rc4 $11) (43... Bxc7 44. g3 $17) 44. Rc1 (44. Rb1+ Ka6 45. Rh1 Rxc7 $19) 44... g6 ({And not} 44... Bxc7 45. g3 $17) 45. g3 ({Much weaker is} 45. Rb1+ Ka6 46. g3 Rxc7 $19) 45... Ka6 (45... Bxc7 46. Rc4 $17) 46. Be1 Kb7 ({Stronger than} 46... Bxc7 47. Bf2 $17) 47. Rb1 (47. Ra1 $142) 47... Kxc7 48. Rc1+ Kd7 49. Rb1 Kc6 50. Bf2 Rd8 51. Kc4 $2 (51. Ra1 {is a better chance.}) 51... a4 {[%emt 0:00:30][%cal Ba5a4,Ba4a3][%mdl 32] Black is clearly winning.} 52. Be1 a3 53. Kb3 Bc5 54. Ka2 Rd7 55. Rc1 Kd5 56. Bd2 Rb7 57. Rd1 Ke4 58. Bc1 {[%emt 0:00:16] Inhibits Rb2+.} d3 {[%emt 0:00:21] Hoping for ...Kd4.} 59. Re1+ Kf3 {[%emt 0:00:39][%cal Od3d2] ( -> ...d2!)} 60. Rd1 Rd7 {[%emt 0:00:34] Never resign too early!  Weighted Error Value: White=0.62/Black=0.20 (precise)} 0-1

[Event "SUI-ch Bundesturnier TP-1 2022"]
[Site "Payerne"]
[Date "2022.05.27"]
[Round "3.7"]
[White "Asllani, Dorian"]
[Black "Willems, Niels"]
[Result "1/2-1/2"]
[ECO "E32"]
[WhiteElo "2116"]
[BlackElo "2338"]
[Annotator "TA"]
[PlyCount "99"]
[EventDate "2022.05.26"]
[EventType "swiss"]
[EventCountry "SUI"]
[SourceTitle "playchess.com"]
[Source "ChessBase"]
[SourceQuality "1"]
[TimeControl "5400+30"]

1. d4 Nf6 2. c4 e6 3. Nc3 Bb4 4. Qc2 O-O 5. e4 d5 6. e5 Ne4 7. Bd3 c5 8. Nf3 {[%emt 0:00:10] E32: Nimzo-Indian: Classical (4 Qc2): 4...0-0.} cxd4 9. Nxd4 Nd7 $1 10. Bf4 Qh4 11. g3 Qh5 12. O-O g5 13. cxd5 Bxc3 (13... gxf4 {keeps more tension.} 14. dxe6 Nxe5 15. Nxe4 fxe6 16. gxf4 Ng4) 14. bxc3 exd5 15. e6 gxf4 (15... Ndc5 {feels hotter.} 16. Be2 Qg6 17. Be3 Nxe6 18. Rad1 Re8) 16. exd7 Bxd7 17. Bxe4 dxe4 18. Qxe4 fxg3 19. hxg3 b6 20. Rfe1 Rad8 {[%emt 0:11:04] [#]} 21. Nc6 $146 ({Predecessor:} 21. Qb7 Bg4 22. Re7 Rxd4 23. cxd4 Bf3 24. Qxf3 Qxf3 25. Rae1 Qa3 26. Rd7 Qxa2 27. d5 {0-1 (37) Holt,C (2549)-Martinez Alcantara,J (2620) Chess.com INT 2021}) 21... Rde8 (21... Bxc6 $11 {and Black has nothing to worry.} 22. Qxc6 Rd2) 22. Ne7+ $1 $18 Rxe7 23. Qxe7 Bc6 24. Qh4 {[%emt 0:03:48] Inhibits Qh1+.} Qf3 25. Qh3 {[%emt 0:00:17] Inhibits Qg2+.} Rd8 26. Re3 Rd1+ (26... Qd5 $142 27. Qg4+ Kh8 28. Qd4+ Qxd4 29. cxd4 Rxd4) 27. Rxd1 Qxd1+ {[%emt 0:00:01][%mdl 4096] Endgame KQR-KQB} 28. Qf1 Qd5 {[%emt 0:00:33][%csl Gc6][%cal Rd5h1] [#]} 29. f3 $1 h5 $2 (29... Qxa2 30. Qd3 h6) 30. Qd3 Qg5 31. Kf2 Qa5 32. Re2 Qc5+ 33. Qe3 Qf5 34. Rd2 Qh3 (34... Bd5 $142 35. a3 Be6) 35. Rd8+ Kh7 36. Qd3+ (36. Qe5 $142 Qh2+ 37. Ke3 Qg1+ 38. Kf4 Qc1+ 39. Kf5 Qb1+ 40. Kg5 Qg6+ 41. Kh4) 36... Kg7 37. Qd4+ f6 38. Qd6 (38. Qc4 Qh2+ 39. Ke3 Qg1+ 40. Kd2 Qf2+ 41. Qe2 Qc5 $18) (38. Rd6 $142 Qh2+ 39. Ke3 Qg1+ 40. Kf4 Qc1+ 41. Qe3 Qxe3+ 42. Kxe3) 38... Qh2+ 39. Ke3 {[%emt 0:00:06] White threatens Qe7+ and mate.} Qg1+ 40. Kf4 {[%emt 0:00:05] Intending Qe7+ and mate.} Qc1+ {[%emt 0:00:29] [#]} 41. Qd2 $1 (41. Kf5 Qg5+ 42. Ke6 Qe3+ 43. Kf5 Qg5+ 44. Ke6 Qe3+ 45. Kf5 Qg5+ $11) 41... Qa3 42. Qe3 {[%emt 0:01:29] aiming for c4.} ({But not} 42. Qd6 Qc1+ 43. Qd2 (43. Kf5 Qg5+ 44. Ke6 Qe3+ 45. Kf5 Qg5+ 46. Ke6 Qe3+ 47. Kf5 Qg5+ $11) 43... Qa3) 42... Kf7 {[%emt 0:08:08] White must now prevent ...Qa5.} 43. g4 $2 (43. Qd4 $18 {and White stays clearly on top.}) 43... hxg4 $16 44. fxg4 {[%emt 0:02:16] And now Rd2 would win. The board is on fire.} Qxa2 45. Qd2 {[%emt 0:00:48] Against Qh2+} ({Much weaker is} 45. g5 Qc4+ 46. Kg3 fxg5 $11) (45. Rd2 $1 $14 Qc4+ 46. Kg3) 45... Qb1 $11 {[%emt 0:02:28] The position is equal.} 46. Rd7+ Bxd7 47. Qxd7+ Kg6 48. Qe8+ Kg7 {[%emt 0:00:09] Threatens to win with ...Qc1+.} 49. Qe7+ Kg6 {[%emt 0:00:02] Strongly threatening ...Qc1+.} 50. Qe8+ {[%emt 0:00:10] Black defended with fortune.  Weighted Error Value: White=0.35/Black=0.21 (precise)} 1/2-1/2

[Event "SUI-ch Bundesturnier TP-1 2022"]
[Site "Payerne"]
[Date "2022.05.27"]
[Round "3.8"]
[White "Buehler, Michael"]
[Black "Colmenares, Aurelio"]
[Result "0-1"]
[ECO "D73"]
[WhiteElo "2080"]
[BlackElo "2318"]
[Annotator "TA"]
[PlyCount "82"]
[EventDate "2022.05.26"]
[EventType "swiss"]
[EventCountry "SUI"]
[SourceTitle "playchess.com"]
[Source "ChessBase"]
[SourceQuality "1"]
[TimeControl "5400+30"]

1. d4 Nf6 2. c4 g6 3. Nf3 Bg7 4. g3 c6 5. Bg2 d5 6. cxd5 cxd5 7. Nc3 Ne4 {[%emt 0:00:15] D73: Fianchetto Grünfeld: 5 Nf3 .} 8. Ne5 Nd7 9. Nxe4 ({But not} 9. Bxe4 dxe4 10. Bf4 O-O $11) (9. Nxd7 {is more complex.} Nxc3 10. bxc3 Bxd7 11. Bxd5 Qa5 12. Qb3) 9... dxe4 {[%emt 0:01:53] The position is equal.} 10. Nxd7 (10. O-O {feels hotter.} O-O 11. Bf4 Nf6 12. e3) 10... Qxd7 11. Bxe4 Qxd4 12. Qxd4 Bxd4 13. O-O Bh3 14. Rd1 O-O-O $1 {[%emt 0:05:15][%cal Od4f2] [#] Threatens to win with ...Bxf2+!} 15. e3 $146 {[%emt 0:09:32] [#]} (15. Bd2 $11) ({Predecessor:} 15. Bf4 Bxb2 16. Bxb7+ Kxb7 17. Rdb1 Rd1+ 18. Rxd1 Bxa1 19. Rxa1 {½-½ (19) Mamedyarov,S (2757)-Gelfand,B (2759) Sochi 2014}) 15... Bc3 $1 $15 16. Bf3 (16. Rd5 Bf6) 16... Rxd1+ 17. Bxd1 Bf6 18. Be2 Rd8 19. f3 Bf5 20. Kf2 Bc2 {[%emt 0:01:28] Black is much more active.} 21. Ke1 h5 22. a3 Ba4 23. Rb1 $1 h4 24. b3 {[%emt 0:04:05] [#]} hxg3 $1 25. hxg3 Bc6 26. Bb2 Bxb2 27. Rxb2 $11 {[%emt 0:00:04][%mdl 4096] Endgame KRB-KRB} Rh8 28. Kf2 Rh1 29. e4 Ra1 30. a4 {[%emt 0:00:13] Prevents b5.} Kc7 31. Bc4 e6 32. Ke3 Kd6 33. Kf4 e5+ 34. Kg5 {[%emt 0:00:27] Strongly threatening Kf6.} Ke7 35. g4 Rh1 {[%emt 0:06:50] aiming for ...Be8.} 36. f4 $2 (36. Bb5 $1 $11 {and White stays safe.}) 36... f6+ $19 (36... Bxe4 37. fxe5 Rg1 38. Rf2 $11) 37. Kxg6 Bxe4+ ({Not} 37... exf4 38. Kf5 $11) 38. Kg7 Rg1 39. g5 $2 (39. fxe5 Rxg4+ 40. Kh6) 39... exf4 {[%emt 0:00:31] Black is clearly winning.} 40. Re2 Rxg5+ 41. Kh6 Re5 {[%emt 0:00:42] Weighted Error Value: White=0.29 (precise) /Black=0.08 (flawless)} 0-1

[Event "SUI-ch Bundesturnier TP-1 2022"]
[Site "Payerne"]
[Date "2022.05.27"]
[Round "3.9"]
[White "Sutter, Oliver"]
[Black "Stijve, Niels"]
[Result "1-0"]
[ECO "C02"]
[WhiteElo "2316"]
[BlackElo "1994"]
[Annotator "TA"]
[PlyCount "111"]
[EventDate "2022.05.26"]
[EventType "swiss"]
[EventCountry "SUI"]
[SourceTitle "playchess.com"]
[Source "ChessBase"]
[SourceQuality "1"]
[TimeControl "5400+30"]

1. c4 c6 2. e4 e6 3. d4 d5 4. cxd5 cxd5 5. e5 Nc6 6. Nf3 f6 {[%emt 0:04:26] 6...Nge7 is setting a new trend.} 7. Bb5 {[%emt 0:04:45] C02: French: Advance Variation.} Bd7 8. O-O Qb6 9. Nc3 {[%emt 0:05:23] White is better.} fxe5 (9... Nge7 $142) 10. Bxc6 $16 {[%emt 0:00:36][%mdl 64] Remove Defender} ({Don't take} 10. dxe5 Nge7 $16) 10... bxc6 11. Nxe5 {[%emt 0:00:13] Threatens to win with Bg5.} Nf6 {[%emt 0:00:39] [#]} 12. Re1 $146 ({Predecessor:} 12. Bg5 Be7 13. Na4 Qc7 14. Bxf6 Bxf6 15. f4 O-O 16. Nc5 Bc8 17. Rc1 Rb8 18. Qd2 {1-0 (38) Hadzimanolis,A (2198)-Mopati,J (2180) Birmingham 1999}) 12... Qc7 13. Bf4 Bd6 14. Rc1 {[%emt 0:00:17][%cal Oc3b5] White is much more active. The black rooks are badly placed.} Rb8 {[%emt 0:00:57] Inhibits Nb5.} 15. Bg3 O-O 16. Qe2 Rfe8 17. Nd3 (17. b3 $18) 17... Bxg3 18. hxg3 ({Much worse is} 18. fxg3 $6 Qb6 19. Qe3 Ng4 $11) 18... Qb6 19. Qe3 e5 (19... Ng4 $142 20. Qf4 e5 21. Nxe5 Nxe5 22. dxe5 Rf8) 20. Nxe5 ({Inferior is} 20. dxe5 Qxe3 21. Rxe3 d4 $11) 20... Ng4 21. Nxd7 {[%emt 0:05:35] Pair of Knights!} Rxe3 22. Nxb6 Rxe1+ 23. Rxe1 Rxb6 $18 {[%emt 0:00:45][%mdl 4096] Endgame KRN-KRN} 24. f3 Nh6 25. b3 (25. g4 $142) 25... Nf5 $16 26. Ne2 Ra6 (26... h5 $142) 27. g4 Ne3 28. Nc3 Nc2 {[%emt 0:00:10] [#]} 29. Rd1 Ra3 (29... Rb6 $142 30. Rd2 Na3) 30. Rd2 Nb4 31. Kf2 a5 32. Ke2 Kf7 33. Rb2 Ke6 34. Kd2 {[%emt 0:00:37] aiming for Kc1.} Kd6 {[%emt 0:00:17] [#]} (34... Kf7 $16 {was worth a try.} 35. Kd1 Kf6) 35. Kd1 ({White should play} 35. g5 $1 $18) 35... Nd3 $2 {[%emt 0:01:25][%mdl 8192] A mistake that costs the game.} (35... a4 $16 {is a better chance.}) 36. Rd2 $18 Nb4 37. Kc1 {[%emt 0:00:25] And now Kb2 would win.} a4 38. Kb2 Nxa2 39. Kxa3 Nxc3 {[%emt 0:00:05] KR-KN} 40. Rd3 Nb5+ 41. Kxa4 Nc7 42. Rd1 Nb5 {[%emt 0:00:28] Hoping for ...Nc3+.} 43. Ka5 Nc3 44. Rd2 Nb1 45. Rd3 {[%emt 0:00:38] Black must now prevent Kb4.} Na3 46. g5 Nc2 47. f4 Ke6 48. Rd2 Na3 49. Kb6 Nb1 50. Rf2 Kf5 51. Kxc6 Ke4 52. f5 {[%emt 0:00:16] White mates.} Ke3 53. Rf3+ Kxd4 54. f6 gxf6 55. gxf6 Nd2 56. f7 {[%emt 0:00:12] Weighted Error Value: White=0.12 (very precise) /Black=0.42} 1-0

[Event "SUI-ch Bundesturnier TP-1 2022"]
[Site "Payerne"]
[Date "2022.05.27"]
[Round "3.10"]
[White "Mattenberger, Matthias"]
[Black "Rohrer, Christophe"]
[Result "0-1"]
[ECO "E45"]
[WhiteElo "1960"]
[BlackElo "2285"]
[Annotator "TA"]
[PlyCount "60"]
[EventDate "2022.05.26"]
[EventType "swiss"]
[EventCountry "SUI"]
[SourceTitle "playchess.com"]
[Source "ChessBase"]
[SourceQuality "1"]
[TimeControl "5400+30"]

1. d4 Nf6 2. c4 e6 3. Nc3 Bb4 4. e3 b6 5. Nge2 Ba6 6. a3 Bxc3+ 7. Nxc3 d5 8. b3 O-O 9. Bd3 dxc4 {[%emt 0:01:05] E45: Nimzo-Indian: Rubinstein: 4...b6 5 Ne2 Ba6.} 10. bxc4 Nc6 11. Bb2 Re8 {[%emt 0:02:22] [#] The position is equal.} 12. f4 $146 {[%emt 0:13:53] Prevents e5.} (12. Ne4 $14) ({Predecessor:} 12. Qc2 e5 13. d5 Na5 14. Na2 c6 15. Nb4 Bb7 16. dxc6 Nxc6 17. Nxc6 Bxc6 18. O-O {0-1 (30) Abdulla,A (2339)-Taleb,M (2399) Dubai 2003}) 12... Na5 $11 13. Qe2 c5 14. dxc5 bxc5 (14... Nd7 $11 15. Na4 Qh4+ 16. g3 Qh3) 15. Rd1 Qe7 16. e4 Rab8 17. Nb5 (17. e5 $11 Ng4 18. Ne4 Rxb2 19. Qxb2) 17... Bxb5 $15 18. e5 {[%emt 0:11:34] [#]} (18. cxb5 $11 Rec8 19. Be5) 18... Nd5 $1 $17 19. cxd5 Bxd3 20. Rxd3 exd5 (20... c4 $1 $17 21. Rd1 exd5 22. Rxd5 c3 23. Bxc3 Qxa3 $1 24. Bxa5 Rb1+ 25. Rd1 Qxa5+ 26. Kf2 Qb6+ 27. Kf3 Rb2) 21. Rxd5 $15 Qb7 22. Rd2 ({Don't blunder} 22. Rxc5 $2 Qxb2 23. Qxb2 Rxb2 $19) 22... Qb5 23. Rc2 {[%emt 0:01:54] Inhibits Nc4.} Red8 24. Rf1 (24. Qxb5 $11 Rxb5 25. Ke2) 24... c4 25. Rf3 Rd3 (25... Nb3 $15) 26. f5 ({Better is} 26. e6 $11 Nc6 {[#]} 27. Rxc4 $1 Rxf3 28. gxf3) 26... Rbd8 (26... Qd5 $1 $15 27. e6 f6) 27. e6 $11 {[%emt 0:00:38] Rxd3 is the strong threat.} Qb6 $36 {[%emt 0:05:34][%mdl 2048] White is under pressure.} 28. exf7+ (28. Qf2 $5 ) 28... Kxf7 {[%emt 0:00:26] Dancing on a razor blade.} 29. f6 $2 (29. Qe6+ $11 Qxe6+ 30. fxe6+ Kxe6 31. Rf4) 29... Rd1+ 30. Qxd1 Qg1+ {[%emt 0:00:04][%mdl 64] Skewer, Double Attack.  Weighted Error Value: White=0.66/Black=0.20 (precise)} ({And not} 30... Rxd1+ 31. Kxd1 Qg1+ 32. Ke2 Qxg2+ 33. Ke3 Qg1+ 34. Rcf2 $17) 0-1